 Dungeon Crawl Stone Soup version 0.31-a0-174-g85c54bcb58 (webtiles) character file.

Game seed: 17956033830333694778

3144 qw the Cleaver (level 9, -7/57 HPs)
             Began as a Gargoyle Fighter on June 15, 2023.
             Was a Priest of Okawaru.
             Killed by the air
             ... invoked by Gastronok
              (34 damage)
             ... on level 8 of the Dungeon.
             The game lasted 00:03:41 (6935 turns).

qw the Cleaver (Gargoyle Fighter)                   Turns: 6935, Time: 00:03:41

Health: -7/57      AC: 19    Str: 24    XL:     9   Next: 93%
Magic:  10/12      EV: 12    Int:  9    God:    Okawaru [***...]
Gold:   555        SH:  6    Dex: 15    Spells: 8/8 levels left

rFire   . . .        x - +2 war axe (heavy)
rCold   . . .        c - +0 buckler
rNeg    + . .        o - +0 chain mail
rPois   inf          (no helmet)
rElec   +            f - +0 cloak
rCorr   .            (no gloves)
SInv    +            (no boots)
Will    .....        h - amulet of regeneration Stlth
                     n - ring of see invisible
HPRegen 1.09/turn    w - +6 ring of dexterity
MPRegen 0.13/turn

%: no passive effects
@: about to teleport, heroic
A: sickness immunity, AC +6, negative energy resistance 1, electricity
resistance, torment resistance 1, petrification resistance
a: Renounce Religion, Heroism


You were on level 8 of the Dungeon.
You worshipped Okawaru.
Okawaru was most pleased with you.
You visited 2 branches of the dungeon, and saw 9 of its levels.
You also visited: Ossuary.

You collected 555 gold pieces.


Innate Abilities, Weirdness & Mutations

You are immune to sickness and miasma.
Your stone body is resilient. (AC +6)
You are immune to poison.
You resist negative energy. (rN+)
You are resistant to electric shocks. (rElec)
You are resistant to unholy torment.
You are immune to petrification.


   Skills:
 - Level 7.0(12.0) Fighting
 + Level 9.7(14.7) Axes
 - Level 2.1(7.1) Throwing
 - Level 4.5(9.5) Armour
 - Level 2.0(7.0) Dodging
 - Level 4.1(9.1) Shields
 - Level 4.1 Invocations


You had 8 spell levels left.
You didn't know any spells.
Your spell library was empty.

Inventory:

Hand Weapons
 g - a +3 morningstar of freezing
 x - a +2 heavy war axe (weapon)
Armour
 c - a +0 buckler (worn)
 f - a +0 cloak (worn)
 o - a +0 chain mail (worn)
 q - a +2 robe of resistance
Jewellery
 h - an amulet of regeneration (around neck)
 n - a ring of see invisible (left hand)
 p - a ring of ice
 w - a +6 ring of dexterity (right hand)
 Y - a ring of resist corrosion
Scrolls
 a - a scroll of enchant armour {unknown}
 i - 6 scrolls of teleportation
 r - 2 scrolls of identify
Potions
 b - a potion of resistance
 d - 2 potions of might
 e - 4 potions of heal wounds
 j - 2 potions of attraction
 k - a potion of berserk rage {unknown}
 l - a potion of curing {unknown}
 m - 2 potions of mutation
 s - 2 potions of brilliance {unknown}
 t - a potion of cancellation {unknown}
 u - a potion of magic {unknown}
 v - a potion of lignification {unknown}
 z - a potion of invisibility {unknown}

Dungeon Overview and Level Annotations

Branches:
Dungeon (8/15)             Temple (1/1) D:4         Ossuary (visited)
   Lair: D:8-11

Altars:
Ashenzari
Cheibriados
Dithmenos
Elyvilon
Gozag
Hepliaklqana
Kikubaaqudgha
Makhleb
Nemelex Xobeh
Okawaru
Qazlal
Ru
Sif Muna
Trog
Vehumet
Wu Jian
Xom
Yredelemnul
Zin
The Shining One

Annotations:
D:2 1 runed translucent door, Crazy Yiuf
D:4 exclusion: 6 goblins
D:8 Gastronok


Message History

Gastronok is moderately wounded.
Gastronok looks at you and mumbles some strange words.
You barely resist. You hit Gastronok.
Gastronok is moderately wounded.
You block Gastronok's attack.
You slash Gastronok!
Gastronok is moderately wounded.
You hit Gastronok but do no damage.
Gastronok is moderately wounded.
Gastronok bubbles merrily.
You hit Gastronok.
Gastronok is moderately wounded.
Gastronok bites you!
You slice Gastronok!!
Gastronok is heavily wounded.
You slice Gastronok!!
Gastronok is severely wounded.
Gastronok bites you but does no damage.
You hit Gastronok.
Gastronok is severely wounded.
You slash Gastronok!
Gastronok is severely wounded.
You feel like a meek peon again. Gastronok bites you!!
Ouch! That really hurt!
6932 ||| READING 7 scrolls of teleportation.
As you read the scroll of teleportation, it crumbles to dust.
You feel strangely unstable.
6933 ||| DRINKING 5 potions of heal wounds.
You feel much better. Gastronok bites you but does no damage.
6934 ||| INVOKING Heroism.
You gain the combat prowess of a mighty hero.
You slash Gastronok!
Gastronok is severely wounded.
Gastronok waves his eye-stalks in wide circles.
The air twists around and strikes you!!
Ouch! That really hurt!
You die...

##### #<..# #...#
#...# #:w.# #.@[#
#...# #...# #...#
#...# .. ##.##
#.## #.####...
######........
#####
####.......##..##
#...#


You could see Gastronok (swift).

Vanquished Creatures
  Pikel (D:6)
  Prince Ribbit (D:8)
  A steam dragon (D:8)
  A water moccasin (D:7)
  4 black bears
  2 ogres
  A centaur (D:5)
  4 phantoms
  A bullfrog (D:8)
  A scorpion (D:7)
  10 wights
  A howler monkey (D:6)
  4 hounds
  An orc priest (D:5)
  2 sleepcaps
  A jelly (D:4)
  A gnoll bouda (D:8)
  4 iguanas
  4 orc wizards
  3 mummies (Ossuary)
  3 gnolls (D:8)
  8 adders
  A white imp (D:5)
  An ufetubus (D:4)
  A worm (D:2)
  A dart slug (D:3)
  16 orcs
  10 ball pythons
  6 endoplasms
  3 giant cockroaches (D:3)
  5 goblins
  3 hobgoblins
  7 jackals (D:3)
  3 quokkas
  8 bats
  9 frilled lizards
  A goblin zombie (Ossuary)
  2 hobgoblin zombies (Ossuary)
  8 kobolds
  4 kobold zombies (Ossuary)
  An orc zombie (Ossuary)
  4 rats
153 creatures vanquished.

Notes
Turn   | Place    | Note
-------+----------+-------------------------------------------
     0 | D:1      | qw the Gargoyle Fighter began the quest for the Orb.
     0 | D:1      | Reached XP level 1. HP: 14/14 MP: 1/1
     0 | D:1      | 0 ||| qw: Version: 0.2-a-29-g511e9b1
     0 | D:1      | 0 ||| qw: Game counter: 5539
     0 | D:1      | 0 ||| qw: Always use a shield: true
     0 | D:1      | 0 ||| qw: God list: Okawaru
     0 | D:1      | 0 ||| qw: Allow faded altars: false
     0 | D:1      | 0 ||| qw: Do Orc after D:15 true
     0 | D:1      | 0 ||| qw: Do second Lair branch before Depths: true
     0 | D:1      | 0 ||| qw: Lair rune preference: random
     0 | D:1      | 0 ||| qw: Plans: Normal, Zot:1-4, Slime:5, God:TSO, Crypt,
                  | Tomb, Abyss, Pan, Hells, Win
     0 | D:1      | 0 ||| PLANNING D:1-11
    54 | D:1      | Reached skill level 2 in Axes
   141 | D:1      | Reached XP level 2. HP: 18/19 MP: 2/2
   194 | D:1      | 194 ||| Stepping ~*~*~tactically~*~*~ (hiding).
   197 | D:1      | 197 ||| Stepping ~*~*~tactically~*~*~ (hiding).
   198 | D:1      | 198 ||| Stepping ~*~*~tactically~*~*~ (hiding).
   199 | D:1      | 199 ||| Stepping ~*~*~tactically~*~*~ (hiding).
   504 | D:1      | 504 ||| Stepping ~*~*~tactically~*~*~ (stealth).
   509 | D:1      | 509 ||| Stepping ~*~*~tactically~*~*~ (hiding).
   723 | D:1      | 723 ||| UPGRADING to +0 cloak.
   780 | D:2      | Reached skill level 3 in Axes
   800 | D:2      | Reached XP level 3. HP: 23/23 MP: 3/3
   927 | D:2      | 927 ||| DROPPING +0 whip.
   964 | D:2      | Reached XP level 4. HP: 28/28 MP: 4/4
  1004 | D:2      | 1004 ||| Stepping ~*~*~tactically~*~*~ (hiding).
  1005 | D:2      | 1005 ||| Stepping ~*~*~tactically~*~*~ (hiding).
  1007 | D:2      | 1007 ||| Stepping ~*~*~tactically~*~*~ (hiding).
  1008 | D:2      | 1008 ||| Stepping ~*~*~tactically~*~*~ (hiding).
  1009 | D:2      | 1009 ||| Stepping ~*~*~tactically~*~*~ (hiding).
  1011 | D:2      | 1011 ||| Stepping ~*~*~tactically~*~*~ (hiding).
  1136 | D:2      | Found a shadowy altar of Dithmenos.
  1200 | D:2      | Found a runed translucent door.
  1201 | D:2      | Noticed Crazy Yiuf
  1429 | D:2      | Reached skill level 4 in Axes
  1530 | D:2      | 1530 ||| DROPPING amulet of magic regeneration.
  1531 | D:2      | 1531 ||| READING scroll labelled JOSEKHL HULOUCW.
  1532 | D:2      | 1532 ||| READING 2 scrolls labelled BENECWE OBOGG.
  1605 | D:3      | 1605 ||| STAIRDANCE
  1605 | D:3      | Noticed a black bear
  1653 | D:3      | 1653 ||| STAIRDANCE
  1658 | D:2      | Killed a black bear
  1659 | D:2      | Reached skill level 5 in Axes
  1659 | D:2      | Reached XP level 5. HP: 23/32 MP: 5/5
  1730 | D:3      | 1730 ||| Stepping ~*~*~tactically~*~*~ (hiding).
  1742 | D:3      | Reached XP level 6. HP: 37/38 MP: 6/6
  1771 | D:3      | 1771 ||| DROPPING +0 mace.
  1787 | D:3      | 1787 ||| Stepping ~*~*~tactically~*~*~ (stealth).
  1788 | D:3      | 1788 ||| Stepping ~*~*~tactically~*~*~ (stealth).
  1962 | D:3      | 1962 ||| Stepping ~*~*~tactically~*~*~ (stealth).
  1967 | D:3      | 1967 ||| Stepping ~*~*~tactically~*~*~ (stealth).
  1969 | D:3      | 1969 ||| Stepping ~*~*~tactically~*~*~ (stealth).
  1970 | D:3      | 1970 ||| Stepping ~*~*~tactically~*~*~ (stealth).
  2009 | D:3      | 2009 ||| Stepping ~*~*~tactically~*~*~ (hiding).
  2011 | D:3      | 2011 ||| Stepping ~*~*~tactically~*~*~ (hiding).
  2013 | D:3      | 2013 ||| Stepping ~*~*~tactically~*~*~ (hiding).
  2129 | D:3      | 2129 ||| Stepping ~*~*~tactically~*~*~ (hiding).
  2679 | D:3      | 2679 ||| UPGRADING to ring of see invisible.
  2680 | D:3      | 2680 ||| READING scroll labelled CAXEXE FEMOU.
  2681 | D:3      | 2681 ||| READING scroll labelled XEUFEJAA MENO.
  2710 | D:3      | 2710 ||| READING scroll labelled UGROMOELAI.
  2711 | D:3      | 2711 ||| DRINKING 3 amethyst potions.
  2719 | D:4      | Found a staircase to the Ecumenical Temple.
  2720 | D:4      | 2720 ||| PLANNING TEMPLE
  2720 | D:4      | 2720 ||| STAIRDANCE
  2724 | D:4      | 2724 ||| STAIRDANCE
  2739 | Temple   | Entered the Ecumenical Temple
  2933 | Temple   | 2933 ||| PLANNING D:1-11
  2988 | D:4      | Reached skill level 1 in Dodging
  3024 | D:4      | 3024 ||| Stepping ~*~*~tactically~*~*~ (stealth).
  3187 | D:4      | Found a hazy altar of Hepliaklqana.
  3192 | D:4      | Found an iron altar of Okawaru.
  3193 | D:4      | 3193 ||| PLANNING OKAWARU WORSHIP
  3201 | D:4      | 3201 ||| READING scroll labelled PYNOIF FACEYGG.
  3564 | D:4      | 3564 ||| READING scroll labelled YNEFAVUPSO.
  3565 | D:4      | 3565 ||| DRINKING 2 fuming dark potions.
  3584 | D:4      | Became a worshipper of Warmaster Okawaru
  3585 | D:4      | 3585 ||| PLANNING D:1-11
  3620 | D:5      | Entered Level 5 of the Dungeon
  3625 | D:5      | Noticed a black bear
  3632 | D:5      | Killed a black bear
  3633 | D:5      | Reached skill level 6 in Axes
  3633 | D:5      | Reached XP level 7. HP: 38/43 MP: 7/7
  3723 | D:5      | 3723 ||| Stepping ~*~*~tactically~*~*~ (stealth).
  3847 | D:5      | Found a burning altar of Makhleb.
  3926 | D:5      | 3926 ||| Stepping ~*~*~tactically~*~*~ (stealth).
  3938 | D:5      | 3938 ||| Stepping ~*~*~tactically~*~*~ (hiding).
  3944 | D:5      | Identified the staff of fire "Beqemm Byfeg" {rF+ rC+ Str+2}
  4136 | D:5      | 4136 ||| Stepping ~*~*~tactically~*~*~ (stealth).
  4147 | D:5      | Reached * piety under Okawaru
  4148 | D:5      | 4148 ||| Stepping ~*~*~tactically~*~*~ (stealth).
  4222 | D:5      | Reached skill level 7 in Axes
  4488 | D:5      | 4488 ||| READING scroll labelled ZUMNEN ZOZXOBB.
  4513 | D:6      | 4513 ||| PLANNING OSSUARY
  4518 | D:6      | 4518 ||| Stepping ~*~*~tactically~*~*~ (stealth).
  4519 | D:6      | Noticed Pikel
  4520 | D:6      | 4520 ||| Stepping ~*~*~tactically~*~*~ (stealth).
  4522 | D:6      | 4522 ||| Stepping ~*~*~tactically~*~*~ (hiding).
  4525 | D:6      | 4525 ||| Stepping ~*~*~tactically~*~*~ (stealth).
  4527 | D:6      | 4527 ||| INVOKING Heroism.
  4538 | D:6      | 4538 ||| INVOKING Heroism.
  4541 | D:6      | Killed Pikel
  4541 | D:6      | Reached ** piety under Okawaru
  4542 | D:6      | Reached skill level 6 in Fighting
  4542 | D:6      | Reached XP level 8. HP: 41/52 MP: 4/8
  4625 | D:6      | Found a sand-covered staircase.
  4626 | D:6      | 4626 ||| UPGRADING to +0 chain mail.
  4636 | D:6      | 4636 ||| DROPPING +0 scale mail.
  4642 | Ossuary  | Entered an ossuary
  4711 | Ossuary  | 4711 ||| FLEEEEING.
  4712 | Ossuary  | 4712 ||| FLEEEEING.
  4713 | Ossuary  | 4713 ||| FLEEEEING.
  4714 | Ossuary  | 4714 ||| FLEEEEING.
  4715 | Ossuary  | 4715 ||| FLEEEEING.
  4716 | Ossuary  | 4716 ||| FLEEEEING.
  4717 | Ossuary  | 4717 ||| FLEEEEING.
  4718 | Ossuary  | 4718 ||| FLEEEEING.
  4719 | Ossuary  | 4719 ||| FLEEEEING.
  4720 | Ossuary  | 4720 ||| FLEEEEING.
  4721 | Ossuary  | 4721 ||| FLEEEEING.
  4739 | Ossuary  | Reached skill level 1 in Invocations
  4849 | Ossuary  | 4849 ||| READING scroll labelled ATYERH MOWUKO.
  4850 | Ossuary  | 4850 ||| READING 2 scrolls of identify.
  4850 | Ossuary  | 4850 ||| IDENTIFYING glowing black potion
  4851 | Ossuary  | 4851 ||| DROPPING potion of degeneration.
  4867 | D:6      | 4867 ||| PLANNING D:1-11
  4920 | D:6      | 4920 ||| DROPPING +0 flail.
  4923 | D:6      | 4923 ||| Stepping ~*~*~tactically~*~*~ (hiding).
  4941 | D:6      | 4941 ||| INVOKING Heroism.
  5150 | D:6      | 5150 ||| INVOKING Heroism.
  5159 | D:6      | Reached skill level 3 in Invocations
  5164 | D:6      | Reached XP level 9. HP: 49/56 MP: 9/11
  5181 | D:6      | Reached skill level 8 in Axes
  5405 | D:6      | 5405 ||| Stepping ~*~*~tactically~*~*~ (stealth).
  5486 | D:6      | Found an ancient bone altar of Kikubaaqudgha.
  5489 | D:6      | Found a sparkling altar of Nemelex Xobeh.
  5492 | D:6      | Found a sacrificial altar of Ru.
  5495 | D:6      | Found a glowing silver altar of Zin.
  5742 | D:6      | 5742 ||| UPGRADING to ring of resist corrosion.
  5743 | D:6      | 5743 ||| READING 2 scrolls of identify.
  5743 | D:6      | 5743 ||| IDENTIFYING orange potion
  5744 | D:6      | 5744 ||| DROPPING potion of ambrosia.
  5793 | D:7      | 5793 ||| INVOKING Heroism.
  5924 | D:7      | 5924 ||| INVOKING Heroism.
  6453 | D:7      | 6453 ||| UPGRADING to amulet of regeneration.
  6458 | D:7      | 6458 ||| UPGRADING to +6 ring of dexterity.
  6490 | D:8      | 6490 ||| INVOKING Heroism.
  6495 | D:8      | Noticed Prince Ribbit
  6499 | D:8      | Reached skill level 9 in Axes
  6512 | D:8      | Killed Prince Ribbit
  6512 | D:8      | Reached *** piety under Okawaru
  6530 | D:8      | 6530 ||| Stepping ~*~*~tactically~*~*~ (stealth).
  6531 | D:8      | 6531 ||| Stepping ~*~*~tactically~*~*~ (stealth).
  6534 | D:8      | 6534 ||| Stepping ~*~*~tactically~*~*~ (stealth).
  6665 | D:8      | 6665 ||| Stepping ~*~*~tactically~*~*~ (stealth).
  6687 | D:8      | 6687 ||| UPGRADING to +2 heavy war axe.
  6688 | D:8      | 6688 ||| DROPPING +0 war axe.
  6776 | D:8      | 6776 ||| INVOKING Heroism.
  6777 | D:8      | 6777 ||| Stepping ~*~*~tactically~*~*~ (cloud).
  6911 | D:8      | Noticed Gastronok
  6912 | D:8      | 6912 ||| INVOKING Heroism.
  6931 | D:8      | HP: 4/57 [Gastronok (30)]
  6932 | D:8      | 6932 ||| READING 7 scrolls of teleportation.
  6933 | D:8      | 6933 ||| DRINKING 5 potions of heal wounds.
  6934 | D:8      | 6934 ||| INVOKING Heroism.
  6935 | D:8      | Killed from afar by Gastronok

Levels and vault maps discovered:
D:1:      ncdulo_lavacross, layout_basic
D:2:      layout_basic, basic_altar, uniq_crazy_yiuf_cottage
D:3:      layout_basic
D:4:      layout_rooms, mainiacjoe_overflow_catwalk_spiral,
          minmay_temple_entry_junction_2
D:5:      layout_basic, mainiacjoe_overflow_boulevard, kennysheep_generic_room_6
D:6:      layout_loops_ring, grunt_temple_overflow_cloverleaf,
          nicolae_ossuary_entry_plus, hangedman_decor_push, minmay_lizard_king,
          uniq_pikel
D:7:      layout_gridville
D:8:      layout_rooms, uniq_prince_ribbit1, uniq_gastronok
Temple:   nicolae_temple_figure_eight

Skill      XL: |  1  2  3  4  5  6  7  8  9 |
---------------+----------------------------+-----
Axes           | 2 3 5 6 7 9 |  9.7
Fighting       | 4 6 7 |  7.0
Dodging        | 1 2 |  2.0
Throwing       | 2 |  2.1
Invocations    | 3 4 |  4.1
Armour         | 4 |  4.5
Shields        | 4 |  4.1

Action                     |  1- 3 |  4- 6 |  7- 9 || total
---------------------------+-------+-------+-------++-------
  Melee: War axe           |    83 |   146 |   321 ||   550
  Throw: Boomerang         |       |    24 |     5 ||    29
 Invoke: Heroism           |       |       |    10 ||    10
    Use: Scroll            |       |     7 |     5 ||    12
         Potion            |       |     2 |     1 ||     3
 Armour: Scale mail        |    37 |    82 |    65 ||   184
         Chain mail        |       |       |   128 ||   128
  Dodge: Dodged            |    29 |    91 |   123 ||   243
  Block: Buckler           |    12 |    20 |    60 ||    92

Table legend:
 A = Non-vault XP
 B = Vault XP
 C = Vault XP percentage of total XP
 D = Non-vault monster count
 E = Vault monster count
 F = Vault count percentage of total count
                 A         B        C        D         E       F
            +---------+---------+-------+---------+---------+-------
      Total |    3472 |    1020 |  22.7 |     133 |      20 |  13.1
            +---------+---------+-------+---------+---------+-------
        D:1 |      26 |       0 |   0.0 |      18 |       0 |   0.0
        D:2 |     254 |       0 |   0.0 |      24 |       0 |   0.0
        D:3 |      95 |       0 |   0.0 |      29 |       0 |   0.0
        D:4 |     185 |       0 |   0.0 |       7 |       0 |   0.0
        D:5 |     566 |      43 |   7.1 |      18 |       1 |   5.3
        D:6 |     870 |     669 |  43.5 |      14 |       7 |  33.3
        D:7 |     522 |       0 |   0.0 |       5 |       0 |   0.0
        D:8 |     954 |     246 |  20.5 |      18 |       1 |   5.3
    Ossuary |       0 |      62 | 100.0 |       0 |      11 | 100.0
            +---------+---------+-------+---------+---------+-------
